 Seeded DCSS version 0.31-a0-844-gdc52ec4e09 (webtiles) character file.

Game seed: 4650116273386822121 (custom seed)

273 qw the Shooter (level 6, 38/38 HPs)
             Began as a Gargoyle Hunter on Sept 29, 2023.
             Quit the game on level 4 of the Dungeon.
             The game lasted 00:03:51 (2653 turns).

qw the Shooter (Gargoyle Hunter)                    Turns: 2653, Time: 00:03:51

Health: 38/38      AC:  6    Str: 14    XL:     6   Next: 23%
Magic:  6/6        EV: 17    Int: 10    God:
Gold:   238        SH:  0    Dex: 15    Spells: 5/5 levels left

rFire   + . .        d - +1 shortbow (elec)
rCold   . . .        (shield currently unavailable)
rNeg    + . .        k - +0 robe {rF+}
rPois   inf          (no helmet)
rElec   +            (no cloak)
rCorr   .            (no gloves)
SInv    .            (no boots)
Will    .....        l - amulet of regeneration
Stlth   ++           f - +5 ring of evasion
HPRegen 1.06/turn    (no ring)
MPRegen 0.10/turn

%: no passive effects
@: no status effects
A: sickness immunity, AC +4, negative energy resistance 1, electricity
resistance, torment resistance 1, petrification resistance
a: no special abilities


You were on level 4 of the Dungeon.
You visited 1 branch of the dungeon, and saw 4 of its levels.

You collected 238 gold pieces.


Innate Abilities, Weirdness & Mutations

You are immune to sickness and miasma.
Your stone body is resilient. (AC +4)
You are immune to poison.
You resist negative energy. (rN+)
You are resistant to electric shocks. (rElec)
You are resistant to unholy torment.
You are immune to petrification.


   Skills:
 - Level 4.0 Fighting
 + Level 6.5 Ranged Weapons
 - Level 1.0 Armour
 - Level 1.5 Dodging
 - Level 1.1 Stealth


You had 5 spell levels left.
You didn't know any spells.
Your spell library was empty.

Inventory:

Hand Weapons
 d - a +1 shortbow of electrocution (weapon)
Armour
 b - a +0 ring mail
 k - a +0 robe of fire resistance (worn)
Jewellery
 f - a +5 ring of evasion (left hand)
 l - an amulet of regeneration (around neck)
Scrolls
 g - a scroll of identify
Potions
 a - a potion of haste
 c - a potion of might
 i - a potion of heal wounds

Dungeon Overview and Level Annotations

Branches:
Dungeon (4/15)             Temple (0/1) D:4

Altars:
Dithmenos
Hepliaklqana

Shops:
D:2 (


Message History

You feel resistant to fire.
You shoot an arrow. The arrow hits the endoplasm.
Lightning courses through the endoplasm!
You kill the endoplasm!
Your Fighting skill increases to level 4!
You now have 238 gold pieces (gained 28).
Items here: %%% )) [.
You see here a hobgoblin corpse.
Found a dagger.
d - a scroll labelled ZIS BOID SELUARCHY An endoplasm comes into view.
You shoot an arrow.
The arrow hits the endoplasm but does no damage.
The endoplasm jiggles.
You shoot an arrow. The arrow hits the endoplasm.
The endoplasm is moderately wounded.
You shoot an arrow. The arrow hits the endoplasm.
Lightning courses through the endoplasm!
You kill the endoplasm!
A kobold comes into view. It is wielding a +0 short sword.
You shoot an arrow. The arrow hits the kobold.
Lightning courses through the kobold!
You kill the kobold!
Found a stone staircase leading down.
Found a staircase to the Ecumenical Temple.
2548 ||| PLANNING TEMPLE
2548 ||| READING scroll labelled ZIS BOID SELUARCHY.
As you read the scroll labelled ZIS BOID SELUARCHY, it crumbles to dust.
A profound silence engulfs you.
It was a scroll of silence.
You start waiting.
Your hearing returns.
Done waiting.
2649 ||| READING 2 scrolls labelled HEINAA XETHREG.
As you read the scroll labelled HEINAA XETHREG, it crumbles to dust.
It is a scroll of enchant weapon.
2650 ||| READING scroll of enchant weapon.
As you read the scroll of enchant weapon, it crumbles to dust.
Your +0 shortbow of electrocution glows red for a moment.
2650 ||| ENCHANTING +0 shortbow of electrocution.
Are you sure you want to abandon this character and quit the game? (Confirm with "yes".)

... ~.## ..~)~..# ...
..~~~.>.
....#######......# }.
.............# #)###.8.>
....##.......# #......}.
.............# #@#
.............# #.#
#............###.#####.#
#............##.........
######.#####.##..#######
### #.#####.##..# #.#
#%#.........#
#########<#
#.#.......#.#
#......##.###
#.#.......#.#
#.....%.....#


There were no monsters in sight!

Vanquished Creatures
  An ogre (D:4)
  3 orc wizards
  A river rat (D:3)
  2 adders
  A worm (D:3)
  3 dart slugs
  6 orcs
  11 endoplasms
  4 giant cockroaches
  3 goblins
  5 hobgoblins
  5 kobolds
  6 quokkas
  8 ball pythons
  5 bats
  2 frilled lizards
  3 rats
69 creatures vanquished.

Notes
Turn   | Place    | Note
-------+----------+-------------------------------------------
     0 | D:1      | qw the Gargoyle Hunter began the quest for the Orb.
     0 | D:1      | Reached XP level 1. HP: 12/12 MP: 1/1
     0 | D:1      | 0 ||| qw: Version: 0.3-a-94-gcd2660c
     0 | D:1      | 0 ||| qw: Game counter: 45
     0 | D:1      | 0 ||| qw: Melee chars always use a shield: true
     0 | D:1      | 0 ||| qw: God list: Okawaru
     0 | D:1      | 0 ||| qw: Allow faded altars: false
     0 | D:1      | 0 ||| qw: Do Orc after clearing Dungeon:15 true
     0 | D:1      | 0 ||| qw: Do second Lair branch before Depths: true
     0 | D:1      | 0 ||| qw: Lair rune preference: random
     0 | D:1      | 0 ||| qw: Goals: Normal, Save, Zot:1-4, Win
     0 | D:1      | 0 ||| PLANNING D:1-11
    59 | D:1      | Reached XP level 2. HP: 17/17 MP: 2/2
   259 | D:1      | Reached XP level 3. HP: 21/21 MP: 3/3
   290 | D:1      | Reached skill level 5 in Ranged Weapons
   621 | D:1      | 621 ||| UPGRADING to +5 ring of evasion.
   622 | D:1      | 622 ||| READING scroll labelled LAEHI BEGGOAT.
   623 | D:1      | 623 ||| READING scroll labelled VOLOR SAGATOHE.
   624 | D:1      | 624 ||| READING 2 scrolls labelled CINGURYQO.
   625 | D:1      | 625 ||| READING scroll labelled MYUHAFU AG VUH.
   641 | D:1      | 641 ||| DROPPING scroll of butterflies.
   796 | D:2      | Reached skill level 3 in Fighting
   990 | D:2      | Found Likharch's Antique Weapon Boutique.
  1112 | D:2      | Found a shadowy altar of Dithmenos.
  1358 | D:2      | 1358 ||| UPGRADING to +0 ring mail.
  1368 | D:2      | 1368 ||| DROPPING +0 leather armour.
  1369 | D:2      | 1369 ||| UPGRADING to amulet of regeneration.
  1374 | D:2      | 1374 ||| READING scroll labelled CYDAUWIASM.
  1375 | D:2      | 1375 ||| READING scroll labelled LOUXEU DEVVOUQ.
  1379 | D:2      | 1379 ||| DRINKING 2 smoky green potions.
  1416 | D:3      | 1416 ||| PLANNING SEWER
  1452 | D:3      | Reached skill level 1 in Armour
  1452 | D:3      | Reached XP level 4. HP: 28/28 MP: 4/4
  1685 | D:3      | Found a hazy altar of Hepliaklqana.
  1751 | D:3      | Reached XP level 5. HP: 32/32 MP: 5/5
  2160 | D:3      | 2160 ||| RIP SEWER
  2180 | D:3      | 2180 ||| PLANNING D:1-11
  2180 | D:3      | 2180 ||| UPGRADING to +0 robe of fire resistance.
  2190 | D:3      | 2190 ||| DROPPING ring of wizardry.
  2191 | D:3      | 2191 ||| READING scroll labelled WITHROGRE SESOO.
  2192 | D:3      | 2192 ||| READING scroll labelled MAD CUJOEROMMYL.
  2193 | D:3      | 2193 ||| DRINKING 2 metallic coppery potions.
  2194 | D:3      | 2194 ||| READING 2 scrolls of identify.
  2194 | D:3      | 2194 ||| IDENTIFYING metallic sapphire potion
  2208 | D:4      | Noticed an ogre
  2212 | D:4      | 2212 ||| STAIRDANCE
  2217 | D:4      | Killed an ogre
  2218 | D:4      | Reached skill level 6 in Ranged Weapons
  2465 | D:4      | Reached XP level 6. HP: 35/37 MP: 6/6
  2492 | D:4      | 2492 ||| 2492 ||| curing
  2492 | D:4      | 2492 ||| PLANNING D:1-11
  2492 | D:4      | 2492 ||| DRINKING cyan potion.
  2494 | D:4      | 2494 ||| DRINKING puce potion.
  2495 | D:4      | 2495 ||| DRINKING green potion.
  2496 | D:4      | 2496 ||| DRINKING fuming dark potion.
  2547 | D:4      | Found a staircase to the Ecumenical Temple.
  2548 | D:4      | 2548 ||| PLANNING TEMPLE
  2548 | D:4      | 2548 ||| READING scroll labelled ZIS BOID SELUARCHY.
  2649 | D:4      | 2649 ||| READING 2 scrolls labelled HEINAA XETHREG.
  2650 | D:4      | 2650 ||| READING scroll of enchant weapon.
  2650 | D:4      | 2650 ||| ENCHANTING +0 shortbow of electrocution.
  2653 | D:4      | Quit the game

Levels and vault maps discovered:
D:1:      moated_graveyard_arrival, layout_basic, st_stairs_12, minmay_3d_cube
D:2:      layout_loops_cross, serial_shops, nicolae_lakefront_shop, basic_altar,
          ebering_dispersal_statue_hall
D:3:      layout_basic, lemuel_coloured_pillars_altar, gup_sewer_entry_bowl
D:4:      layout_basic, minmay_temple_entry_statues_fountains,
          corexii_item_surrounded_by_moat

Skill      XL: |  1  2  3  4  5  6 |
---------------+-------------------+-----
Ranged Weapons | 5 6 |  6.5
Fighting       | 3 4 |  4.0
Armour         | 1 |  1.0
Dodging        | |  1.5
Stealth        | |  1.1

Action                     |  1- 3 |  4- 6 || total
---------------------------+-------+-------++-------
   Fire: Shortbow          |   136 |   112 ||   248
    Use: Scroll            |     6 |     6 ||    12
         Potion            |     1 |     5 ||     6
 Armour: Leather armour    |    40 |       ||    40
         Ring mail         |       |     7 ||     7
         Robe              |       |    19 ||    19
         Skin              |       |    19 ||    19
  Dodge: Dodged            |    45 |    13 ||    58

Table legend:
 A = Non-vault XP
 B = Vault XP
 C = Vault XP percentage of total XP
 D = Non-vault monster count
 E = Vault monster count
 F = Vault count percentage of total count
                 A         B        C        D         E       F
            +---------+---------+-------+---------+---------+-------
      Total |     353 |      37 |   9.5 |      58 |      11 |  15.9
            +---------+---------+-------+---------+---------+-------
        D:1 |      36 |      14 |  28.0 |      22 |       7 |  24.1
        D:2 |      28 |       0 |   0.0 |       8 |       0 |   0.0
        D:3 |      75 |      23 |  23.5 |      14 |       4 |  22.2
        D:4 |     214 |       0 |   0.0 |      14 |       0 |   0.0
            +---------+---------+-------+---------+---------+-------
